 Dungeon Crawl Stone Soup version 0.30-a0-989-g0d87f670db (webtiles) character file.

Game seed: 4687208714054743326

128 mopl the Shooter (level 5, -3/41 HPs)
             Began as a Meteoran Hunter on Apr 3, 2023.
             Slain by Grinder (8 damage)
             ... on level 4 of the Dungeon.
             The game lasted 00:02:15 (403 turns).

mopl the Shooter (Meteoran Hunter)                   Turns: 403, Time: 00:02:16

Health: -3/41      AC:  3    Str: 15    XL:     5   Next: 60%
Magic:  6/6        EV: 12    Int: 10    God:
Gold:   94         SH:  0    Dex: 17    Spells: 4/4 levels left

rFire   . . .      SeeInvis .    a - +0 shortbow
rCold   . . .      Faith    .    (shield currently unavailable)
rNeg    . . .      Spirit   .    c - +0 leather armour
rPois   .          Reflect  .    (no helmet)
rElec   .          Rampage  .    (no cloak)
rCorr   .                        (no gloves)
Will    .....                    (no boots)
Stlth   +                        (no amulet)
HPRegen 0.26/turn                (no ring)
MPRegen 0.10/turn                (no ring)

@: glowing
A: sense surroundings 1, otherworldly, glowing, explore regen
a: no special abilities


You were on level 4 of the Dungeon.
You visited 1 branch of the dungeon, and saw 5 of its levels.

You collected 94 gold pieces.

Inventory:

Hand Weapons
 a - a +0 shortbow (weapon)
Missiles
 g - 4 poisoned darts
 i - 3 javelins
Armour
 c - a +0 leather armour (worn)
Scrolls
 b - a scroll of immolation
 h - a scroll of torment {unknown}
 j - a scroll of noise {unknown}
Potions
 d - a potion of magic {unknown}
 e - 2 potions of heal wounds {unknown}
 f - 2 potions of invisibility {unknown}


   Skills:
 - Level 2.1 Fighting
 + Level 6.9 Ranged Weapons
 - Level 2.4 Dodging
 - Level 0.6 Stealth


You had 4 spell levels left.
You didn't know any spells.
Your spell library was empty.

Dungeon Overview and Level Annotations

Branches:
Dungeon (5/15) Zot: 2567
 Temple: D:4-7

Altars:

Annotations:
D:4 Grinder


Innate Abilities, Weirdness & Mutations

You passively map a small area around you.
You are easily found by Zot.
You glow in the dark.
You regain HP and MP as you explore.


Message History

* * * LOW HITPOINT WARNING * * *
You shoot an arrow. The arrow hits Grinder!
Grinder is lightly wounded.
Grinder hits you.
* * * LOW HITPOINT WARNING * * *
You writhe in agony.
* * * LOW HITPOINT WARNING * * *
The kobold closely misses you.
You shoot an arrow. The arrow barely misses Grinder.
Grinder barely misses you. The kobold hits you with a +0 whip.
* * * LOW HITPOINT WARNING * * *
The kobold hits you but does no damage. Grinder hits you but does no damage.
Unknown command.
You shoot an arrow.
The arrow hits Grinder but does no damage.
Grinder is lightly wounded.
The kobold misses you. Grinder hits you but does no damage.
Unknown command.
You shoot an arrow. The arrow hits Grinder!
Grinder is moderately wounded.
Grinder gestures at you.
You suddenly lose the ability to move!
The kobold hits you with a +0 whip.
* * * LOW HITPOINT WARNING * * *
Grinder hits you but does no damage. The kobold hits you but does no damage.
Grinder says, "There's only one good use for a tongue: cutting it out."
Grinder blinks!
A kobold comes into view. It is wielding a +0 short sword.
The kobold hits you but does no damage.
The kobold shouts!
The kobold hits you but does no damage.
You can move again.
You shoot an arrow. The arrow hits the kobold!
You kill the kobold!
Found 9 gold pieces.
Grinder says, "You look like you could use a good racking."
Items here: $ ( ) ?.
You shoot an arrow. The arrow hits Grinder.
Grinder is heavily wounded.
Grinder hits you!
You die...

* .., ,#.### .#
...####...# #####.##, ,
$.........# #....[..#
...#......# ###....###.
..........# #.........#
.....)....####......(.#.
.................##....# ,
......................#. ,
......5@...............#
,,........................
,
,.....K....####..........
........................ ,
........................ *
........................ +
,.....##.................
*#....###...............#
.........#....#....


You could see Grinder and a kobold.

Vanquished Creatures
  A hound (D:4)
  Natasha (D:2)
  An orc wizard (D:4)
  2 adders
  2 worms (D:4)
  3 dart slugs (D:4)
  An orc (D:4)
  3 endoplasms (D:4)
  A jackal (D:3)
  A kobold (D:4)
  A ball python (D:1)
  2 bats
  A frilled lizard (D:3)
  A goblin (D:1)
  A rat (D:2)
22 creatures vanquished.

Notes
Turn   | Place    | Note
-------+----------+-------------------------------------------
     0 | D:1      | mopl the Meteoran Hunter began the quest for the Orb.
     0 | D:1      | Reached XP level 1. HP: 17/17 MP: 2/2
    55 | D:2      | Noticed Natasha
    60 | D:2      | Killed Natasha
    61 | D:2      | Reached skill level 5 in Ranged Weapons
    61 | D:2      | Reached XP level 2. HP: 24/24 MP: 3/3
    61 | D:2      | Reached XP level 3. HP: 29/29 MP: 4/4
   238 | D:4      | Reached XP level 4. HP: 36/36 MP: 5/5
   265 | D:4      | Reached skill level 6 in Ranged Weapons
   293 | D:4      | Reached XP level 5. HP: 41/41 MP: 6/6
   349 | D:5      | Entered Level 5 of the Dungeon
   349 | D:5      | Noticed an ogre
   382 | D:4      | Noticed Grinder
   383 | D:4      | Paralysed by Grinder for 2 turns
   388 | D:4      | Paralysed by Grinder for 4 turns
   397 | D:4      | Paralysed by Grinder for 4 turns
   397 | D:4      | HP: 1/41 [kobold/+0 whip (2)]
   403 | D:4      | Slain by Grinder

Illustrated notes

Levels and vault maps discovered:
D:1:      psy_arrival_conway, layout_rooms,
          shapermc_ecumenical_altar_mp_urbaneastern
D:2:      layout_basic, serial_shops, shop, uniq_natasha
D:3:      layout_loops_ring, overflow_temple_1_default,
          mainiacjoe_overflow_two_lobes, gammafunk_ghost_smash, minmay_bisected
D:4:      layout_basic, minivault_23, minmay_misc_feat_iff, st_stairs_2,
          uniq_grinder
D:5:      layout_loops_ring, uniq_edmund, uniq_ijyb, uniq_pikel

Skill      XL: |  1  2  3  4 |
---------------+-------------+-----
Ranged Weapons | 5 6 |  6.9
Fighting       | |  2.1
Dodging        | |  2.4
Stealth        | |  0.6

Action                     |  1- 3 |  4- 6 || total
---------------------------+-------+-------++-------
   Fire: Shortbow          |    30 |    65 ||    95
 Armour: Leather armour    |     4 |    17 ||    21
  Dodge: Dodged            |    15 |     9 ||    24

Table legend: (Time is in decaauts)
 A = Elapsed time spent in this place.
 B = Non-inter-level travel time spent in this place.
 C = Inter-level travel time spent in this place.
 D = Time resting spent in this place.
 E = Time spent auto-exploring this place.
 F = Levels seen in this place.
 G = Mean time per level.
                   A        B        C        D        E       F      G
               +--------+--------+--------+--------+--------+-----+--------+
         Total |    431 |    431 |      0 |      0 |      0 |   5 |   86.2 |
       Dungeon |    431 |    431 |      0 |      0 |      0 |   5 |   86.2 |
               +--------+--------+--------+--------+--------+-----+--------+

Top non-repeatable levels by time:
     D:4: 185 daAuts
     D:2: 108 daAuts
     D:1: 103 daAuts
     D:3: 29 daAuts
     D:5: 4 daAuts
